 Dungeon Crawl Stone Soup version 0.22-a0-803-gd6d8abe (webtiles) character file.

33 iamserjio the Chiller (level 3, 3/19 HPs)
             Began as a Deep Elf Ice Elementalist on July 22, 2018.
             Quit the game on level 2 of the Dungeon.
             The game lasted 00:02:48 (447 turns).

iamserjio the Chiller (Deep Elf Ice Elementalist)    Turns: 447, Time: 00:02:49

Health: 3/19       AC:  2    Str:  5    XL:     3   Next: 12%
Magic:  10/10      EV: 13    Int: 20    God:
Gold:   81         SH:  0    Dex: 15    Spells: 8/9 levels left

rFire    . . .     SeeInvis .   f - -1 dagger (curse)
rCold    . . .     Gourm    .   (no shield)
rNeg     . . .     Faith    .   a - +0 robe
rPois    .         Spirit   .   (no helmet)
rElec    .         Reflect  .   (no cloak)
rCorr    .         Harm     .   (no gloves)
MR       .....                  (no boots)
Stlth    ++........             (no amulet)
HPRegen  0.06/turn              (no ring)
MPRegen  0.12/turn              (no ring)

@: no status effects
A: no striking features
a: no special abilities


You were on level 2 of the Dungeon.
You were not hungry.

You visited 1 branch of the dungeon, and saw 2 of its levels.

You collected 81 gold pieces.

Inventory:

Hand Weapons
 b - a +0 mace
 f - a cursed -1 dagger (weapon)
 i - a +0 short sword
 o - a +0 spear
Missiles
 l - 22 arrows
Armour
 a - a +0 robe (worn)
Jewellery
 h - an uncursed ring of fire {unknown}
Scrolls
 e - 2 scrolls of remove curse {unknown}
 g - 5 scrolls of identify {unknown}
 j - a scroll of enchant weapon {unknown}
 k - a scroll of teleportation {unknown}
 n - a scroll of enchant armour {unknown}
Potions
 d - a potion of lignification {unknown}
 m - a potion of berserk rage {unknown}
 p - a potion of curing {unknown}
Comestibles
 c - 4 rations


   Skills:
 + Level 3.0 Dodging
 - Level 2.4 Stealth
 + Level 3.5 Spellcasting
   Level 1.1 Conjurations
 * Level 4.1 Ice Magic


You had 8 spell levels left.
You knew the following spells:

 Your Spells              Type           Power        Failure   Level  Hunger
a - Freeze                Ice            ###.         2%          1    None

Your spell library contained the following spells:

 Spells                   Type           Power        Failure   Level  Hunger
 Throw Frost              Conj/Ice       ##....       7%          2    ##.....
 Summon Ice Beast         Ice/Summ       ##......     50%         4    ####...
 Ozocubu's Armour         Chrm/Ice       ##......     17%         3    ###....
 Throw Icicle             Conj/Ice       ##......     41%         4    ####...


Dungeon Overview and Level Annotations

Branches:
Dungeon (2/15)

Altars:

Annotations:
D:2 Terence


Message History

The quokka bites you. x2
You barely miss the quokka. The quokka closely misses you.
The quokka bites you.
The quokka twitches its whiskers.
The quokka bites you.
You see here 11 gold pieces.
You now have 81 gold pieces (gained 11).
The quokka misses you. The quokka barely misses you. The quokka bites you.
Terence screams, "I'm going to kill you!"
Terence closely misses you.
Found a scroll labeled IPNUGY LEPNOPA.
The quokka bites you.
* * * LOW HITPOINT WARNING * * *
You see here a scroll labeled IPNUGY LEPNOPA.
g - 5 scrolls labeled IPNUGY LEPNOPA (gained 1)
The quokka barely misses you.
Okay, then.
Are you sure you want to abandon this character and quit the game? (Confirm with "yes".)

#...............w..##.....<...
.........##.........##.....####
.....P...##.........##.....'...
..##....##.........##.....####
#... #....#######.....# #....#
#.....# #....# ####### #..@r#
#...@# #....# ######


You could see Terence and a quokka.

Vanquished Creatures
  An adder (D:2)
  A dart slug (D:1)
  2 bats (D:1)
  5 giant cockroaches
  2 hobgoblins (D:1)
  A kobold (D:1)
  2 goblins (D:1)
  7 rats (D:1)
21 creatures vanquished.

Notes
Turn   | Place    | Note
-------+----------+-------------------------------------------
     0 | D:1      | iamserjio the Deep Elf Ice Elementalist began the quest for the Orb.
     0 | D:1      | Reached XP level 1. HP: 10/10 MP: 6/6
   114 | D:1      | Reached XP level 2. HP: 2/15 MP: 1/8
   289 | D:2      | Reached skill level 4 in Ice Magic
   289 | D:2      | Reached XP level 3. HP: 11/19 MP: 5/10
   413 | D:2      | Noticed Terence
   447 | D:2      | Quit the game

Vault maps used:
D:1:      lightli_arrival_farm
D:2:      kiku_gazebo_garden_becter, uniq_terence

Skill      XL: |  1  2 |
---------------+-------+-----
Dodging        | 3 |  3.0
Ice Magic      | 4 |  4.1
Stealth        | |  2.4
Spellcasting   | |  3.5
Conjurations   | |  1.1

Action                   || total
-------------------------++-------
Melee: Mace              ||     2
       Dagger            ||     2
 Cast: Freeze            ||    29
Armor: Robe              ||     1
Dodge: Dodged            ||    14

Table legend:
 A = Spawn XP
 B = Non-spawn XP
 C = Spawn XP percentage of total XP
 D = Spawn monster count
 E = Non-spawn monster count
 F = Spawn count percentage of total count
 G = Total turns spent on level
                    A         B        C        D         E        F      G
               +---------+---------+-------+---------+---------+-------+---------
         Total |       0 |      48 |   0.0 |       0 |      21 |   0.0 |   447
               +---------+---------+-------+---------+---------+-------+---------
           D:1 |       0 |      28 |   0.0 |       0 |      17 |   0.0 |   296
           D:2 |       0 |      20 |   0.0 |       0 |       4 |   0.0 |   151
               +---------+---------+-------+---------+---------+-------+---------
